 Dungeon Sprint DCSS version 0.27-a0-1140-g099f9bb0e8 (webtiles) character file.

Game seed: 18099960507868140061

8335 Zeld the Scorcher (level 11, -6/81 HPs)
             Began as an Octopode Fire Elementalist on May 9, 2021.
             Was an Elder of Sif Muna.
             Mangled by a death scarab (27 damage)
             ... summoned by a royal mummy
             ... in the Dungeon (Sprint V: "Ziggurat Sprint").
             The game lasted 00:09:56 (3084 turns).

Zeld the Scorcher (Octopode Fire Elementalist)      Turns: 3084, Time: 00:09:57

Health: -6/81      AC:  1    Str:  7    XL:     11   Next: 29%
Magic:  17/25      EV: 18    Int: 32    God:    Sif Muna [****..]
Gold:   0          SH:  0    Dex: 14    Spells: 0/30 levels left

rFire    + . .     SeeInvis .   A - staff of fire
rCold    . . .     Faith    .   (no shield)
rNeg     . . .     Spirit   .   (helmet restricted)
rPois    .         Reflect  .   l - amulet of magic regeneration
rElec    .         Harm     .   u - +6 ring of intelligence
rCorr    .         Rampage  .   t - +6 ring of intelligence
Will     +....     NoTele   +   g - ring of wizardry
Stlth    +++.......             (no ring)
HPRegen  0.23/turn              (no ring)
MPRegen  0.44/turn              (no ring)
                                (no ring)
                                (no ring)

@: slowed, very slow
A: almost no armour, amphibious, 8 rings, camouflage 1, gelatinous body 1,
(nimble swimmer 1), tentacles, tentacle spike 1, strong-willed 1
a: Renounce Religion, Channel Magic, Forget Spell, Divine Exegesis


You were in the Dungeon.
You worshipped Sif Muna.
Sif Muna was greatly pleased with you.
You visited 1 branch

Inventory:

Armour
 a - a +3 tower shield
Magical Staves
 A - a staff of fire (weapon)
Jewellery
 g - a ring of wizardry (on tentacle)
 l - an amulet of magic regeneration (around mantle)
 t - a +6 ring of intelligence (right tentacle)
 u - a +6 ring of intelligence (left tentacle)
Wands
 p - a wand of mindburst (7)
 r - a wand of iceblast (2)
 s - a wand of acid (5)
Scrolls
 h - 4 scrolls of amnesia
 i - 7 scrolls of fog
 k - 5 scrolls of identify
 w - 4 scrolls of enchant weapon
 y - 4 scrolls of enchant armour
Potions
 b - 10 potions of curing
 c - 9 potions of heal wounds
 d - 6 potions of haste
 e - 7 potions of magic
 f - 3 potions of berserk rage
 m - 2 potions of brilliance
 n - 2 potions of invisibility
 o - 4 potions of resistance
 q - 5 potions of might
Miscellaneous
 v - a lightning rod (4/4)
 x - a piece from Xom's chessboard (15/15)
 z - a lightning rod (4/4)
 B - a condenser vane
 C - a lightning rod (4/4)
 D - a phial of floods
 E - a phantom mirror


   Skills:
 + Level 10.2 Fighting
 + Level 10.3 Dodging
 - Level 2.6 Stealth
 + Level 10.2 Spellcasting
 + Level 10.9 Conjurations
 * Level 15.2 Fire Magic
 * Level 9.5 Invocations


You couldn't memorise any spells.
You knew the following spells:

 Your Spells              Type           Power      Damage    Failure   Level
a - Foxfire               Conj/Fire      100%       2x1d9     0%          1
b - Conjure Flame         Conj/Fire      99%        6-21      1%          3
c - Sticky Flame          Conj/Fire      99%        2d11      1%          4
d - Fireball              Conj/Fire      49%        3d19      1%          5
e - Fire Storm            Conj/Fire      49%        8d13      99%         9
f - Ignition              Fire           53%        3d15      16%         8

Your spell library contained the following spells:

 Spells                   Type           Power      Damage    Failure   Level
 Beastly Appendage        Tmut           32%        N/A       1%          1
 Freeze                   Ice            64%        1d8       1%          1
 Magic Dart               Conj           100%       1d8       1%          1
 Shock                    Conj/Air       100%       1d9       1%          1
 Sting                    Tmut/Pois      64%        1d6       1%          1
 Blink                    Tloc           N/A        N/A       1%          2
 Call Imp                 Summ           16%        N/A       1%          2
 Passwall                 Tmut/Erth      13%        N/A       1%          2
 Poisonous Vapours        Pois/Air       32%        N/A       1%          2
 Slow                     Hex            16%        N/A       1%          2
 Dazzling Flash           Conj/Hex       100%       N/A       1%          3
 Ignite Poison            Fire/Tmut/Pois 64%        N/A       1%          3
 Inner Flame              Hex/Fire       78%        N/A       1%          3
 Mephitic Cloud           Conj/Pois/Air  39%        N/A       1%          3
 Hailstorm                Conj/Ice       50%        3d11      1%          4
 Bolt of Magma            Conj/Fire/Erth 41%        4d17      1%          5
 Frozen Ramparts          Ice            32%        1d5       3%          3
 Gell's Gravitas          Tloc           8%         N/A       3%          3
 Lesser Beckoning         Tloc           8%         N/A       3%          3
 Ozocubu's Armour         Ice            16%        N/A       3%          3
 Portal Projectile        Hex/Tloc       32%        N/A       3%          3
 Spider Form              Tmut/Pois      8%         N/A       3%          3
 Swiftness                Air            16%        N/A       3%          3
 Teleport Other           Tloc           16%        N/A       3%          3
 Lightning Bolt           Conj/Air       25%        1d41      3%          5
 Animate Dead             Necr           8%         N/A       12%         4
 Dispel Undead            Necr           16%        3d10      12%         4
 Passage of Golubria      Tloc           N/A        N/A       12%         4
 Iron Shot                Conj/Erth      25%        9d5       19%         6
 Hydra Form               Tmut           8%         N/A       32%         5
 Lee's Rapid Deconstruct  Erth           8%         3d8*      32%         5
 Manifold Assault         Tloc           16%        N/A       32%         5
 Metabolic Englaciation   Hex/Ice        8%         N/A       32%         5
 Freezing Cloud           Conj/Ice/Air   19%        6-21      38%         6
 Death Channel            Necr           8%         N/A       86%         6
 Dispersal                Tloc           8%         N/A       86%         6
 Eringya's Noxious Bog    Tmut/Pois      8%         N/A       86%         6
 Invisibility             Hex            16%        N/A       86%         6
 Disjunction              Tloc           8%         N/A       100%        8
 Death's Door             Necr           8%         N/A       100%        9


Dungeon Overview and Level Annotations

Branches:
Dungeon (1/1)

Altars:
Ashenzari
Cheibriados
Dithmenos
Elyvilon
Fedhas
Gozag
Hepliaklqana
Kikubaaqudgha
Makhleb
Nemelex Xobeh
Okawaru
Qazlal
Ru
Sif Muna
Trog
Uskayaw
Vehumet
Wu Jian
Xom
Yredelemnul
Zin
The Shining One
Beogh
Jiyva
Lugonu


Innate Abilities, Weirdness & Mutations

You cannot wear most types of armour.
You are amphibious.
You can wear up to eight rings at the same time.
Your skin changes colour to match your surroundings (Stealth+).
Your rubbery body absorbs attacks. (AC +1, EV +1)
((You are camouflaged near water. (Stealth+)))
You have tentacles for arms and can constrict up to eight enemies at once.
One of your tentacles bears a spike.
You are strong-willed. (Will+)


Message History

The death scarab misses you.
Unknown command.
Press: ? - help, v - describe, . - travel
Here: a death scarab (moderately damaged, summoned)
The floor.
Okay, then.
As you read the scroll of holy word, it crumbles to dust.
You speak a Word of immense power!
The death scarab convulses!
You destroy the death scarab!
The death scarab's corpse disappears in a puff of smoke!
The death scarab convulses! x3
You destroy the death scarab!
The death scarab's corpse disappears in a puff of smoke!
The death scarab convulses!
The royal mummy convulses!
The mummy priest convulses!
The bat skeleton convulses!
You destroy the bat skeleton!
The guardian mummy convulses!
You destroy the guardian mummy!
Sif Muna accepts your kill.
You can now call upon Sif Muna to cast any spell from your library.
The jiangshi convulses!
The freezing wraith convulses!
The giant cockroach zombie convulses!
You destroy the giant cockroach zombie!
Sif Muna accepts your kill.
The mummy convulses!
You destroy the mummy!
Sif Muna accepts your kill.
The mummy priest convulses!
The adder skeleton convulses!
You destroy the adder skeleton!
Sif Muna accepts your kill.
The rust devil convulses!
You feel extremely nervous for a moment...
You feel horribly lethargic.
You feel yourself slow down. The death scarab bites you!
* * * LOW HITPOINT WARNING * * *
The death scarab drains your vigour!
You feel as though you will be slow longer.
The death scarab draws strength from your injuries!
The death scarab completely misses you. The death scarab bites you!!
You die...

▓..).)))..▓
▓..|))M4..▓......|..▓
▓....°....▓.........▓
▓...=..VW.▓.........▓
▓....MM...▓.........▓
▓.........▓.........▓
▓...§B....▓.▓.....▓.▓
▓...B.....▓....©....▓
▓...B@....▓▓▓▓▓▓▓▓▓▓▓
▓▓▓▓▓▓▓▓▓▓▓


You could see a royal mummy (dazed), 2 mummy priests, a jiangshi (summoned,
dazed), a rust devil (summoned, dazed), a freezing wraith (summoned, dazed) and
3 death scarabs.

Vanquished Creatures
  A cacodemon (D)
  3 two-headed ogres (D)
  A cyclops (D)
  A black mamba (shapeshifter) (D)
  A guardian serpent (shapeshifter) (D)
  A cane toad (D)
  A yaktaur (shapeshifter) (D)
  A guardian mummy (D)
  2 merfolk (D)
  2 wind drakes (D)
  A wind drake (shapeshifter) (D)
  A hornet (shapeshifter) (D)
  A slime creature (D)
  A blink frog (shapeshifter) (D)
  A flying skull (D)
  A yak (D)
  A yak (shapeshifter) (D)
  A neqoxec (D)
  A human (shapeshifter) (D)
  A naga (D)
  2 necrophages (D)
  A wolf (D)
  2 ogres (D)
  3 centaurs (D)
  A phantom (D)
  2 bullfrogs (D)
  2 scorpions (D)
  2 wights (D)
  A crimson imp (D)
  2 jellies (D)
  An iron imp (D)
  An iguana (D)
  4 mummies (D)
  A shadow imp (D)
  An ufetubus (D)
  2 adder skeletons (D)
  An endoplasm (D)
  2 ball pythons (D)
  3 ball python zombies (D)
  A bat simulacrum (D)
  A giant cockroach zombie (D)
  A jackal zombie (D)
61 creatures vanquished.

Vanquished Creatures (others)
  7 foxfires (D)
7 creatures vanquished.

Grand Total: 68 creatures vanquished

Notes
Turn   | Place    | Note
-------+----------+-------------------------------------------
     0 | D        | Zeld the Octopode Fire Elementalist began the quest for the
                  | Orb.
     0 | D        | Reached XP level 1. HP: 11/11 MP: 3/3
     2 | D        | Found a blossoming altar of Fedhas.
     3 | D        | Found the +6 Majin-Bo {vamp, MP+6 Int+6}
     3 | D        | Found the +9 heavy crossbow "Sniper" {vorpal, Acc+∞ SInv}
     3 | D        | Found the +10 dark maul {vorpal}
     3 | D        | Found the +15 Maxwell's patent armour {-Cast -Tele rElec
                  | Will+ rCorr}
     3 | D        | Found the +18 shield of the Gong {rElec rN+ Will+ EV-5}
     3 | D        | Found the +14 obsidian axe {vorpal, Drain Fly SInv}
     3 | D        | Found the +7 great mace "Firestarter" {inner flame, rF++}
     3 | D        | Found the +6 shillelagh "Devastator" {shatter}
     3 | D        | Found the +11 plutonium sword {Contam Stlth-}
     3 | D        | Found the +8 lance "Wyrmbane" {slay drac, rPois rF+ rC+
                  | AC+3}
     3 | D        | Found the +9 sword of Zonguldrok {reap}
     3 | D        | Found the +13 scythe of Curses {drain, Drain}
     3 | D        | Found the +5 sword of Power {vorpal}
     3 | D        | Found the +7 mace of Variability {chain chaos}
     3 | D        | Found the +7 Singing Sword {vorpal, sonic wave}
     3 | D        | Found the +8 storm bow {elec, penet}
     4 | D        | Found a viscous altar of Jiyva.
     4 | D        | Found a hazy altar of Hepliaklqana.
     4 | D        | Found a transporter.
     4 | D        | Found an opulent altar of Gozag.
     4 | D        | Found an ancient bone altar of Kikubaaqudgha.
     4 | D        | Found a corrupted altar of Lugonu.
    14 | D        | Found a burning altar of Makhleb.
    15 | D        | Found a sacrificial altar of Ru.
    15 | D        | Found a shimmering blue altar of Sif Muna.
    15 | D        | Found a stormy altar of Qazlal.
    15 | D        | Found a bloodstained altar of Trog.
    15 | D        | Found an iron altar of Okawaru.
    15 | D        | Found a sparkling altar of Nemelex Xobeh.
    19 | D        | Reached skill level 6 in Fire Magic
    19 | D        | Reached XP level 2. HP: 17/17 MP: 3/6
    66 | D        | Became a worshipper of Sif Muna the Loreminder
   161 | D        | Entered arena 2.
   161 | D        | Noticed a scorpion
   161 | D        | Noticed a scorpion
   161 | D        | Found a transporter.
   163 | D        | Killed a scorpion
   164 | D        | Reached skill level 1 in Fighting
   164 | D        | Reached XP level 3. HP: 24/24 MP: 6/8
   164 | D        | Reached XP level 4. HP: 29/29 MP: 7/10
   164 | D        | Killed a scorpion
   165 | D        | Reached skill level 7 in Fire Magic
   165 | D        | Reached XP level 5. HP: 36/36 MP: 8/12
   174 | D        | Learned a level 3 spell: Conjure Flame
   179 | D        | Learned a level 4 spell: Sticky Flame
   185 | D        | Learned a level 5 spell: Fireball
   371 | D        | Entered arena 3.
   371 | D        | Noticed a naga
   371 | D        | Found a transporter.
   372 | D        | Reached * piety under Sif Muna
   373 | D        | Killed a naga
   374 | D        | Reached skill level 5 in Spellcasting
   374 | D        | Reached skill level 5 in Conjurations
   374 | D        | Reached skill level 8 in Fire Magic
   374 | D        | Reached XP level 6. HP: 43/43 MP: 2/14
   619 | D        | Entered arena 4.
   619 | D        | Found a transporter.
   620 | D        | Found the +8 mithril axe "Arga" {speed, Will+}
   620 | D        | Reached ** piety under Sif Muna
   825 | D        | Entered arena 5.
   825 | D        | Noticed a slime creature
   825 | D        | Found a transporter.
   826 | D        | Found the +8 demon blade "Leech" {vamp, *Rage +Rage rN+}
   826 | D        | Reached *** piety under Sif Muna
   827 | D        | Reached skill level 5 in Dodging
   827 | D        | Reached skill level 9 in Fire Magic
   831 | D        | Killed a slime creature
   832 | D        | Reached skill level 5 in Fighting
   832 | D        | Reached skill level 10 in Fire Magic
   832 | D        | Reached XP level 7. HP: 44/50 MP: 12/16
   842 | D        | Got the Papyrus of Blistering Arcane Weapons
  1050 | D        | Entered arena 6.
  1050 | D        | Noticed a cacodemon
  1050 | D        | Found a transporter.
  1052 | D        | Reached **** piety under Sif Muna
  1064 | D        | Gained mutation: One of your tentacles bears a spike. [a
                  | cacodemon]
  1065 | D        | Killed a cacodemon
  1066 | D        | Reached skill level 12 in Fire Magic
  1066 | D        | Reached XP level 8. HP: 27/60 MP: 3/19
  1066 | D        | Reached XP level 9. HP: 29/64 MP: 3/20
  1071 | D        | Got the Collected Works on Shifting Flames
  1254 | D        | Entered arena 7.
  1254 | D        | Noticed a cane toad
  1255 | D        | Reached ***** piety under Sif Muna
  1256 | D        | Identified Sif Muna's Collected Works on Blistering
                  | Malediction (Sif Muna gifted it to you in the Dungeon)
  1256 | D        | Received a gift from Sif Muna
  1258 | D        | Killed a cane toad
  1259 | D        | Reached skill level 13 in Fire Magic
  1272 | D        | Learned a level 9 spell: Fire Storm
  1365 | D        | Found a transporter.
  1855 | D        | Entered arena 8.
  1855 | D        | Noticed a two-headed ogre
  1855 | D        | Noticed a two-headed ogre
  1855 | D        | Noticed a two-headed ogre
  1855 | D        | Noticed a cyclops
  1862 | D        | Found a transporter.
  1874 | D        | Killed a two-headed ogre
  1875 | D        | Killed a two-headed ogre
  1876 | D        | Reached skill level 5 in Invocations
  1876 | D        | Reached XP level 10. HP: 37/73 MP: 2/23
  1878 | D        | Killed a two-headed ogre
  1879 | D        | Reached skill level 10 in Conjurations
  1879 | D        | Reached skill level 14 in Fire Magic
  1881 | D        | Killed a cyclops
  2042 | D        | Entered arena 9.
  2044 | D        | Identified Sif Muna's Handbook of Ignition and Cold (Sif
                  | Muna gifted it to you in the Dungeon)
  2044 | D        | Received a gift from Sif Muna
  2053 | D        | Found a transporter.
  2064 | D        | Got Econn's Handbook of Flamy Contamination
  2493 | D        | Entered arena 10.
  2495 | D        | Received a gift from Sif Muna
  2504 | D        | Found a transporter.
  2612 | D        | Entered arena 11.
  2612 | D        | Noticed a black mamba
  2612 | D        | Noticed a salamander
  2612 | D        | Noticed a guardian serpent
  2614 | D        | Reached skill level 10 in Dodging
  2614 | D        | Reached XP level 11. HP: 81/81 MP: 18/24
  2614 | D        | Identified Sif Muna's Guide on Sinister Feathers (Sif Muna
                  | gifted it to you in the Dungeon)
  2614 | D        | Received a gift from Sif Muna
  2615 | D        | Reached skill level 10 in Fighting
  2615 | D        | Reached skill level 10 in Spellcasting
  2617 | D        | Reached skill level 15 in Fire Magic
  2617 | D        | Gained mutation: You are strong-willed. (Will+) [a neqoxec]
  2621 | D        | Noticed a fire crab
  2621 | D        | a salamander changed into a fire crab
  2624 | D        | a fire crab changed into a shapeshifter
  2765 | D        | Learned a level 8 spell: Ignition
  2765 | D        | Found a transporter.
  3078 | D        | Entered arena 12.
  3078 | D        | Noticed a royal mummy
  3078 | D        | Noticed a mummy priest
  3081 | D        | Noticed a death scarab
  3081 | D        | Noticed a mummy priest
  3083 | D        | Noticed a death scarab
  3083 | D        | Noticed a death scarab
  3083 | D        | Noticed a death scarab
  3083 | D        | Noticed a death scarab
  3083 | D        | Noticed a jiangshi
  3084 | D        | Mangled by a death scarab

Illustrated notes

Levels and vault maps discovered:
D:        sprint_v [room_start, room_1, room_2, room_3, room_4, room_5, room_6,
          room_7, room_8, room_9, room_10, room_11, room_12, room_13, room_14,
          room_15, room_16, room_17, room_18, room_19, room_20, room_21,
          room_22, room_23, room_24, room_25, room_26, room_27]

Skill      XL: |  1  2  3  4  5  6  7  8  9 10 11 |
---------------+----------------------------------+-----
Spellcasting   | 3 4 5 6 7 9 10 | 10.2
Conjurations   | 3 4 5 6 8 9 10 | 10.9
Fire Magic     | 6 7 8 10 12 13 14 15 | 15.2
Fighting       | 1 3 4 5 7 8 9 10 | 10.2
Dodging        | 3 4 5 7 9 10 | 10.3
Invocations    | 5 8 9 |  9.5
Stealth        | |  2.6

Action                   |  1- 3 |  4- 6 |  7- 9 | 10-12 || total
-------------------------+-------+-------+-------+-------++-------
Melee: Unarmed           |       |     3 |       |       ||     3
       Constrict         |       |     1 |       |     1 ||     2
       Staff             |       |       |       |     1 ||     1
 Cast: Fireball          |       |     6 |    11 |    17 ||    34
       Foxfire           |       |     2 |       |     2 ||     4
       Sticky Flame      |       |     1 |       |       ||     1
       Freezing Cloud    |       |       |       |     2 ||     2
       Lee's Rapid Decon |       |       |       |     2 ||     2
Invok: Channel Magic     |       |     1 |       |     2 ||     3
       Divine Exegesis   |       |       |       |     4 ||     4
Evoke: Lightning rod     |     1 |     1 |     6 |     3 ||    11
       Wand              |     1 |       |     4 |     2 ||     7
  Use: Potion            |     1 |       |       |     1 ||     2
       Scroll            |       |       |     6 |     1 ||     7
Dodge: Dodged            |     3 |     2 |     2 |    10 ||    17

Table legend: (Time is in decaauts)
 A = Elapsed time spent in this place.
 B = Non-inter-level travel time spent in this place.
 C = Inter-level travel time spent in this place.
 D = Time resting spent in this place.
 E = Time spent auto-exploring this place.
 F = Levels seen in this place.
 G = Mean time per level.
                   A        B        C        D        E       F      G
               +--------+--------+--------+--------+--------+-----+--------+
         Total |   3082 |   3082 |      0 |   2686 |     44 |   1 | 3082.0 |
       Dungeon |   3082 |   3082 |      0 |   2686 |     44 |   1 | 3082.0 |
               +--------+--------+--------+--------+--------+-----+--------+

Top non-repeatable levels by time:
       D: 3082 daAuts
